 Dungeon Crawl Stone Soup version 0.29.1-12-g30fa7ad0bf (webtiles) character file.

Game seed: 9654350352902067676

638 nightchill the Destroyer (level 7, -2/36 HPs)
             Began as a Tengu Conjurer on Jan 17, 2023.
             Slain by Edmund
             ... wielding a +2 flail of protection
              (13 damage)
             ... on level 4 of the Dungeon.
             The game lasted 00:23:05 (5124 turns).

nightchill the Destroyer (Tengu Conjurer)           Turns: 5124, Time: 00:23:06

Health: -2/36      AC:  2    Str:  7    XL:     7   Next: 50%
Magic:  0/14       EV: 15    Int: 20    God:
Gold:   177        SH:  0    Dex: 13    Spells: 3/14 levels left

rFire   + . .      SeeInvis .   k - +0 short sword (vamp)
rCold   + . .      Faith    .   (no shield)
rNeg    . . .      Spirit   .   a - +0 robe
rPois   +          Reflect  .   (helmet restricted)
rElec   .          Harm     .   n - scarf {rC+ rF+}
rCorr   .          Rampage  .   (no gloves)
Will    .....                   (boots unavailable)
Stlth   ++........              (no amulet)
HPRegen 0.12/turn               x - ring of wizardry
MPRegen 0.14/turn               u - ring of poison resistance

@: flying quickly and evasively, quick
A: beak, talons 3, nimble flight
a: no special abilities


You were on level 4 of the Dungeon.
You visited 1 branch of the dungeon, and saw 4 of its levels.

You collected 177 gold pieces.

Inventory:

Hand Weapons
 c - a +0 dagger
 k - a +0 vampiric short sword (weapon)
Missiles
 h - 47 stones
 r - 6 poisoned darts (quivered)
Armour
 a - a +0 robe (worn)
 n - a scarf of resistance (worn)
 v - a +2 leather armour of willpower
Jewellery
 g - a ring of positive energy
 u - a ring of poison resistance (right hand)
 x - a ring of wizardry (left hand)
 z - an amulet of reflection
Wands
 p - a wand of quicksilver (5)
 q - a wand of digging (7)
 w - a wand of flame (17)
Scrolls
 d - a scroll of amnesia {unknown}
 f - a scroll of immolation {unknown}
 i - 3 scrolls of enchant armour {unknown}
 l - a scroll of brand weapon {unknown}
 m - 2 scrolls of identify {unknown}
 o - a scroll of noise {unknown}
 y - 2 scrolls of butterflies {unknown}
 A - a scroll of teleportation {unknown}
Potions
 b - a potion of magic
 e - a potion of lignification {unknown}
 j - 5 potions of curing
 s - 3 potions of heal wounds {unknown}
 t - a potion of degeneration {unknown}


   Skills:
 - Level 3.0 Dodging
 - Level 3.0 Stealth
 + Level 4.0 Spellcasting
 * Level 9.2 Conjurations
 + Level 1.8 Translocations


You had 3 spell levels left.
You knew the following spells:

 Your Spells              Type           Power      Damage    Failure   Level
a - Magic Dart            Conj           100%       1d8       1%          1
b - Searing Ray           Conj           80%        2d7       1%          2
c - Fulminant Prism       Conj/Hex       11%        3d9       8%          4
d - Iskenderun's Mystic   Conj/Tloc      26%        2d7       5%          4

Your spell library contained the following spells:

 Spells                   Type           Power      Damage    Failure   Level
 Dazzling Flash           Conj/Hex       44%        N/A       2%          3
 Stone Arrow              Conj/Erth      44%        3d9       2%          3
 Beastly Appendage        Tmut           8%         N/A       5%          1
 Sandblast                Erth           8%         2d5       5%          1
 Passwall                 Tmut/Erth      3%         N/A       8%          2
 Wereblood                Tmut           4%         N/A       8%          2
 Spider Form              Tmut/Pois      4%         N/A       16%         3


Dungeon Overview and Level Annotations

Branches:
Dungeon (4/15)
 Temple: D:4-7

Altars:

Shops:
D:4 *

Annotations:
D:1 exclusion: downstairs
D:4 Edmund


Innate Abilities, Weirdness & Mutations

You have a beak for a mouth.
You have claws for feet.
Your magical nature lets you fly swiftly and evasively.


Message History

A fulminant prism comes into view.
You hear a loud crackle.
You hear an explosion!
The blast of energy engulfs Edmund!
Edmund is heavily wounded.
Edmund closely misses you.
Casting: Fulminant Prism (quite dangerous; 8% risk of failure)
Confirm with . or Enter, or press ? or * to list all spells.
The spell is quite dangerous to miscast (8% risk of failure)!
Continue anyway?
Aiming: Fulminant Prism (quite dangerous; 8% risk of failure)
Press: ? - help, Dir - move target You conjure a prism of explosive energy!
A fulminant prism comes into view.
Edmund says, "What use are spells, anyway?"
Edmund hits you with a +2 flail of protection!
Your fulminant prism crackles loudly.
An orc wizard comes into view. It is wielding a +0 dagger.
The orc wizard shouts!
Your fulminant prism explodes!
The blast of energy engulfs Edmund!
Edmund is severely wounded.
Casting: Fulminant Prism (quite dangerous; 8% risk of failure)
Confirm with . or Enter, or press ? or * to list all spells.
Aiming: Searing Ray (safe; 1% risk of failure)
Press: ? - help, Shift-Dir - straight line The searing ray hits Edmund but does no damage.
Edmund is severely wounded. (Press . to maintain the ray.)
The searing ray hits Edmund but does no damage.
Edmund is severely wounded.
Edmund hits you with a +2 flail of protection!
* * * LOW HITPOINT WARNING * * *
Your magical contamination has completely faded away.
Without enough magic to sustain it, your searing ray dissipates.
Edmund barely misses you.
The orc wizard points at you and mumbles some strange words.
The magic dart hits you!
* * * LOW HITPOINT WARNING * * *
Edmund hits you with a +2 flail of protection!
You die...

##.#..###.# ..#
#.........# #..#
##.##..#### #>.#
##.#÷#.## #..# #####
#..##.## #o.# ....#
##[###.### #..# .##.#
#..##...###..###.#o .##.#
#÷#.#.#..@..))....#
.##.####........@...#####
.##....#......####.##
.#####.#.###### #.# .#
#.#.# #.# .## #.#.# #.#
..# ##.#.# #.# ..# #....#
#.#### ..###.#..# #.##.##
.<..#.#.[### #.....#


You could see Edmund.

Vanquished Creatures
  Sigmund (D:2)
  A necrophage (D:3)
  A scorpion (D:4)
  A hound (D:3)
  2 jellies (D:4)
  Jessica (D:3)
  Ijyb (D:3)
  2 iguanas (D:3)
  Robin (D:2)
  3 adders
  A shadow imp (D:4)
  3 worms
  3 dart slugs
  4 orcs (D:4)
  7 endoplasms
  3 giant cockroaches
  16 goblins
  12 hobgoblins
  6 quokkas
  3 ball pythons
  6 bats
  4 frilled lizards
  8 kobolds
  8 rats
98 creatures vanquished.

Vanquished Creatures (others)
  6 fulminant prisms (D:4)
6 creatures vanquished.

Grand Total: 104 creatures vanquished

Notes
Turn   | Place    | Note
-------+----------+-------------------------------------------
     0 | D:1      | nightchill the Tengu Conjurer began the quest for the Orb.
     0 | D:1      | Reached XP level 1. HP: 10/10 MP: 4/4
   183 | D:1      | Reached XP level 2. HP: 3/15 MP: 0/6
   412 | D:1      | Learned a level 2 spell: Searing Ray
   750 | D:1      | Found a faded altar of an unknown god.
  1144 | D:1      | Reached XP level 3. HP: 19/19 MP: 4/7
  1372 | D:2      | Reached skill level 6 in Conjurations
  1536 | D:2      | Noticed Robin
  1609 | D:2      | Reached XP level 4. HP: 24/24 MP: 2/8
  1736 | D:2      | Learned a level 4 spell: Fulminant Prism
  1831 | D:2      | Killed Robin
  2138 | D:2      | Noticed Sigmund
  2161 | D:2      | Killed Sigmund
  2162 | D:2      | Reached skill level 7 in Conjurations
  2162 | D:2      | Gained mutation: Your magical nature lets you fly swiftly
                  | and evasively. [Tengu growth]
  2162 | D:2      | Reached XP level 5. HP: 17/28 MP: 0/10
  2162 | D:2      | Reached XP level 6. HP: 20/32 MP: 0/11
  2304 | D:2      | Learned a level 4 spell: Iskenderun's Mystic Blast
  2724 | D:3      | Noticed Jessica
  2733 | D:3      | Killed Jessica
  2734 | D:3      | Reached skill level 8 in Conjurations
  3099 | D:3      | Noticed Ijyb
  3114 | D:3      | Killed Ijyb
  3536 | D:3      | Reached skill level 1 in Translocations
  3661 | D:3      | Reached XP level 7. HP: 22/36 MP: 9/13
  4482 | D:4      | Reached skill level 9 in Conjurations
  4759 | D:4      | Found Hexor's Mayhem Merchandise.
  5074 | D:4      | Noticed Edmund
  5124 | D:4      | Slain by Edmund

Illustrated notes

Levels and vault maps discovered:
D:1:      psy_arrival_statuary, layout_basic, ebering_ecumenical_altar_hall,
          nicolae_hexahallways, minmay_misc_feat_nine_boxes,
          minmay_split_cup_large
D:2:      layout_rooms, lightli_corner_chamber, uniq_sigmund, uniq_robin
D:3:      layout_basic, uniq_ijyb, uniq_jessica
D:4:      layout_loops_ring, enter_ossuary_1, minmay_shop_mayhem, uniq_edmund

Skill      XL: |  1  2  3  4  5  6  7 |
---------------+----------------------+-----
Conjurations   | 6 7 8 9 |  9.2
Dodging        | 3 |  3.0
Stealth        | 3 |  3.0
Spellcasting   | 3 4 |  4.0
Translocations | 1 |  1.8

Action                   |  1- 3 |  4- 6 |  7- 9 || total
-------------------------+-------+-------+-------++-------
Melee: Dagger            |    12 |    13 |       ||    25
       Kick              |     2 |    11 |     4 ||    17
       Peck              |     2 |     8 |     1 ||    11
       Short sword       |       |    29 |    10 ||    39
       Punch             |       |     1 |       ||     1
Throw: Dart              |       |     5 |       ||     5
 Cast: Magic Dart        |    56 |    40 |    26 ||   122
       Searing Ray       |     3 |    10 |     8 ||    21
       Fulminant Prism   |       |       |     6 ||     6
  Use: Potion            |       |     1 |       ||     1
 Stab: Sleeping          |     1 |     4 |       ||     5
Armor: Robe              |     2 |    11 |       ||    13
Dodge: Dodged            |    14 |    41 |    15 ||    70
